 Dungeon Crawl Stone Soup version 0.23.1 (webtiles) character file.

Game seed: 2148122857423538606

281 PentaManta the Blocker (level 6, -12/47 HPs)
             Began as a Formicid Fighter on Mar 10, 2019.
             Was an Initiate of Dithmenos.
             Mangled by Pikel
             ... wielding a +2 whip of electrocution
              (13 damage)
             ... on level 4 of the Dungeon.
             The game lasted 00:09:45 (2743 turns).

PentaManta the Blocker (Formicid Fighter)           Turns: 2743, Time: 00:09:45

Health: -12/47     AC:  8    Str: 32    XL:     6   Next: 53%
Magic:  6/6        EV: 10    Int:  8    God:    Dithmenos [......]
Gold:   171        SH:  0    Dex: 10    Spells: 5/5 levels left

rFire    . . .     SeeInvis +   j - +3 war axe
rCold    . . .     Gourm    .   (no shield)
rNeg     . . .     Faith    .   b - +0 scale mail
rPois    +         Spirit   .   (helmet unavailable)
rElec    .         Reflect  .   (no cloak)
rCorr    .         Harm     .   m - +0 pair of gloves
MR       .....                  (no boots)
Stlth    ..........             (no amulet)
HPRegen  0.15/turn              i - +5 ring of strength
MPRegen  0.10/turn              k - ring of poison resistance

@: mighty
A: permanent stasis, dig shafts and tunnels, four strong arms, antennae 3
a: Dig, Shaft Self, Renounce Religion


You were on level 4 of the Dungeon.
You worshipped Dithmenos.
Dithmenos was noncommittal.
You were not hungry.

You visited 2 branches of the dungeon, and saw 5 of its levels.

You collected 171 gold pieces.

Inventory:

Hand Weapons
 j - a +3 war axe (weapon)
Armour
 b - a +0 scale mail (worn)
 c - a +1 shield
 m - a +0 pair of gloves (worn)
Jewellery
 i - a +5 ring of strength (left hand)
 k - a ring of poison resistance (right hand)
 l - an uncursed ring of fire
Wands
 n - a wand of digging (8)
Scrolls
 a - a scroll of amnesia {unknown}
 e - 4 scrolls of fog
Potions
 g - a potion of heal wounds {unknown}
 h - a potion of degeneration {unknown}
Comestibles
 f - 8 rations


   Skills:
 - Level 3.3 Fighting
 - Level 2.0 Axes
 - Level 3.4 Armour
 + Level 8.1 Shields


You had 5 spell levels left.
You didn't know any spells.
Your spell library contained the following spells:

 Spells                   Type           Power        Failure   Level  Hunger
 Freeze                   Ice            #...         63%         1    ##.....
 Throw Frost              Conj/Ice       #.....       77%         2    ###....
 Ozocubu's Armour         Chrm/Ice       #.......     94%         3    ####...
 Summon Ice Beast         Ice/Summ       #.......     100%        4    #####..
 Throw Icicle             Conj/Ice       #.......     100%        4    #####..


Dungeon Overview and Level Annotations

Branches:
Dungeon (4/15)             Temple (1/1) D:4

Altars:
Ashenzari
Cheibriados
Dithmenos
Elyvilon
Fedhas
Kikubaaqudgha
Makhleb
Okawaru
Qazlal
Sif Muna
Trog
Uskayaw
Vehumet
Wu Jian
Xom
Yredelemnul
Zin
The Shining One

Annotations:
D:4 Pikel


Innate Abilities, Weirdness & Mutations

You cannot be hasted, slowed, berserked, paralysed or teleported.
You can dig through walls and to a lower floor.
Your four strong arms can wield two-handed weapons with a shield.
You have a pair of large antennae on your head. (SInv)


Message History

Pikel hits you but does no damage.
Pikel hits you with a +2 whip of electrocution.
Press: ? - help, v - describe, . - travel
Here: Pikel, wielding a +2 whip of electrocution and wearing a +0 robe (heavily wounded)
The floor.
You hit Pikel.
Pikel is severely wounded.
Pikel barely misses you.
You hit Pikel.
Pikel is severely wounded.
Pikel hits you but does no damage. x2; You are electrocuted!!
* * * LOW HITPOINT WARNING * * *
You feel very mighty all of a sudden. Pikel barely misses you.
You closely miss Pikel.
Pikel is severely wounded.
Pikel hits you with a +2 whip of electrocution.
* * * LOW HITPOINT WARNING * * *
You are electrocuted!
You die...

#.# ##### #.# ##...## ##.##
#.###.##### ##...###.#
#.....# ###
#.....*#.###.###.# ..#
###...###.....##*,*
..###...........##.#*,*
......##.####.###K##*,*****
..#****#.# ##.#@#{{pp...,*
..# ##'## *#.##{##.###,*
.<# ##...## ###*.#*{***,*
#.# ##.....## *.#*,,,*,*
#.###.......## **.#*,*,*,*
..##.........#***,..*,,,*,*
.....).......'.,,,..,*,**,*
.............###*,,,,,,,,,*
.###........## **,***,****


You could see Pikel.

Vanquished Creatures
  Blork the orc (D:4)
  A crimson imp (D:3)
  A centaur skeleton (D:3)
  2 worker ants
  3 adders
  2 oozes
  2 dart slugs
  2 orcs
  2 giant cockroaches
  3 goblins
  11 hobgoblins
  12 jackals
  4 kobolds
  2 ball pythons
  6 bats
  4 frilled lizards (D:1)
  3 rats (D:3)
61 creatures vanquished.

Notes
Turn   | Place    | Note
-------+----------+-------------------------------------------
     0 | D:1      | PentaManta the Formicid Fighter began the quest for the
                  | Orb.
     0 | D:1      | Reached XP level 1. HP: 18/18 MP: 1/1
    51 | D:1      | Reached XP level 2. HP: 21/24 MP: 2/2
    51 | D:1      | Reached skill level 4 in Shields
   261 | D:1      | Reached XP level 3. HP: 29/29 MP: 3/3
   723 | D:2      | Reached skill level 5 in Shields
   723 | D:2      | Reached XP level 4. HP: 31/35 MP: 4/4
   763 | D:2      | Found a shadowy altar of Dithmenos.
  1198 | D:2      | Reached skill level 6 in Shields
  1280 | D:2      | Found a deep blue altar of Sif Muna.
  1592 | D:3      | Found a shattered altar of Ashenzari.
  1652 | D:3      | Reached XP level 5. HP: 38/41 MP: 5/5
  1912 | D:3      | Reached skill level 7 in Shields
  2186 | D:4      | Noticed Blork the orc
  2196 | D:4      | Killed Blork the orc
  2196 | D:4      | Reached XP level 6. HP: 44/47 MP: 6/6
  2299 | D:4      | Found a staircase to the Ecumenical Temple.
  2317 | D:4      | Reached skill level 8 in Shields
  2323 | Temple   | Entered the Ecumenical Temple
  2539 | D:2      | Became a worshipper of Dithmenos the Shadowed
  2728 | D:4      | Noticed Pikel
  2728 | D:4      | Noticed a slave
  2728 | D:4      | Noticed a slave
  2728 | D:4      | Noticed a slave
  2743 | D:4      | HP: 1/47 [Pikel/+2 whip of electrocution (4)]
  2743 | D:4      | Mangled by Pikel

Skill      XL: |  1  2  3  4  5  6 |
---------------+-------------------+-----
Shields        | 4 5 6 7 8 |  8.1
Fighting       | |  3.3
Axes           | |  2.0
Armour         | |  3.4

Action                   |  1- 3 |  4- 6 || total
-------------------------+-------+-------++-------
Melee: War axe           |    68 |   136 ||   204
  Use: Scroll            |       |    10 ||    10
       Potion            |       |     1 ||     1
  Eat: Chunk             |       |     4 ||     4
       Ration            |       |     1 ||     1
Armor: Scale mail        |    35 |    83 ||   118
Dodge: Dodged            |    41 |    93 ||   134
